 Dungeon Crawl Stone Soup version 0.24-a0-434-gd57e52f (webtiles) character file.

Game seed: 6601984435512357187

331057 MatthieuS the Brawler (level 22, -1/267 (270) HPs)
             Began as a Human Wanderer on June 15, 2019.
             Was a High Priest of Okawaru.
             Splashed by an acid blob's acid (8 damage)
             ... created by the Royal Jelly
             ... on level 5 of the Pits of Slime on June 16, 2019.
             The game lasted 02:10:57 (44254 turns).

MatthieuS the Brawler (Human Wanderer)             Turns: 44254, Time: 02:10:57

HP:   -1/267 (270)  AC: 27    Str: 31    XL:     22   Next: 73%
MP:   28/33         EV: 18    Int: 12    God:    Okawaru [*****.]
Gold: 827           SH: 21    Dex: 14    Spells: 27/31 levels left

rFire    . . .     SeeInvis .     - Unarmed
rCold    . . .     Gourm    .   J - +4 shield of Decompression {rPois MR+}
rNeg     . . .     Faith    .   w - +6 chain mail "Loss" {rPois Str+5 Int-3}
rPois    +         Spirit   .   U - +2 hat {MR+}
rElec    .         Reflect  .   T - scarf {repulsion}
rCorr    +         Harm     .   h - +2 pair of gloves {archery}
MR       +++..     Rnd*Rage +   N - +0 pair of boots
Stlth    ..........             H - amulet of regeneration
HPRegen  0.94/turn              C - ring of resist corrosion
MPRegen  0.23/turn              E - +5 ring of slaying

@: berserking (expiring), heroism, corroded, repel missiles, very quick
A: icy blue scales 1, thin skeletal structure 1, berserk 1, blurry vision 1,
sense surroundings 1, shaggy fur 1
}: 2/15 runes: serpentine, barnacled
a: Heroism, Finesse, Renounce Religion


You were on level 5 of the Pits of Slime.
You worshipped Okawaru.
Okawaru was extremely pleased with you.
You were not hungry.

You visited 8 branches of the dungeon, and saw 41 of its levels.
You also visited: Ossuary and Ice Cave.

You collected 4770 gold pieces.
You spent 3943 gold pieces at shops.

Inventory:

Hand Weapons
 O - the +5 demon trident of Excruciating Pain {venom, rElec Dex+2}
   (Okawaru gifted it to you on level 4 of the Lair of Beasts)

   It poisons the flesh of those it strikes.
   It affects your dexterity (+2).
   It insulates you from electricity.
Missiles
 k - 8 poisoned darts
 t - 6 throwing nets (quivered) {!f}
 I - 6 datura-tipped darts
 M - 8 atropa-tipped darts
 Q - 9 curare-tipped darts {!f}
Armour
 h - a +2 pair of gloves of archery (worn)
   (Okawaru gifted it to you on level 2 of the Lair of Beasts)
 w - the +6 chain mail "Loss" (worn) {rPois Str+5 Int-3}
   (Okawaru gifted it to you on level 4 of the Vaults)

   It affects your strength (+5).
   It affects your intelligence (-3).
   It protects you from poison.
 J - the +4 shield of Decompression (worn) {rPois MR+}
   (Okawaru gifted it to you on level 4 of the Snake Pit)

   It protects you from poison.
   It affects your resistance to hostile enchantments.
 N - a +0 pair of boots (worn)
   (You found it on level 3 of the Lair of Beasts)
 R - a scarf of resistance
   (Okawaru gifted it to you on level 1 of the Snake Pit)
 T - a scarf of repulsion (worn)
   (Okawaru gifted it to you on level 1 of the Orcish Mines)
 U - a +2 hat of magic resistance (worn)
   (Okawaru gifted it to you on level 11 of the Dungeon)
Jewellery
 y - an uncursed ring of protection from cold
   (You found it on level 2 of the Lair of Beasts)
 z - the ring "Anothets" {rC+ Dex+2 SInv}
   (You acquired it on level 3 of the Vaults)

   [ring of dexterity]

   It affects your dexterity (+2).
   It protects you from cold.
   It lets you see invisible.
 A - the ring of Midwinter {+Inv rElec rC+ MR- Int+4}
   (You acquired it on level 3 of the Vaults)

   [ring of intelligence]

   It affects your intelligence (+4).
   It protects you from cold.
   It insulates you from electricity.
   It affects your resistance to hostile enchantments.
   It lets you turn invisible.
 C - a ring of resist corrosion (left hand)
   (You found it on level 1 of the Snake Pit)
 E - a +5 ring of slaying (right hand)
   (You found it on level 7 of the Dungeon)
 H - an amulet of regeneration (around neck)
   (You found it on level 8 of the Dungeon)
 V - an uncursed ring of protection from fire
   (You found it on level 6 of the Dungeon)
Wands
 b - a wand of polymorph (23)
   (You bought it in a shop on level 4 of the Dungeon)
 d - a wand of iceblast (11)
   (You bought it in a shop on level 4 of the Dungeon)
 g - a wand of clouds (6)
   (You bought it in a shop on level 4 of the Dungeon)
 v - a wand of digging (12)
   (You found it on level 3 of the Lair of Beasts)
 W - a wand of enslavement (12)
   (You took it off a salamander on level 1 of the Snake Pit)
Scrolls
 a - 6 scrolls of amnesia
 c - 18 scrolls of teleportation {@r4}
 m - a scroll of summoning
 n - 3 scrolls of blinking
 p - 2 scrolls of fog
 q - 5 scrolls of identify {@r1}
 u - 4 scrolls of fear
 B - a scroll of silence
 G - a scroll of enchant armour
 L - 4 scrolls of magic mapping
 P - 8 scrolls of vulnerability {!r}
Potions
 f - 5 potions of heal wounds {@q2}
 i - a potion of ambrosia
 j - 13 potions of lignification {!q}
 o - 9 potions of haste {@q3}
 s - a potion of cancellation
 x - 2 potions of magic
 D - 3 potions of resistance
 F - 3 potions of mutation {!q}
 S - 4 potions of invisibility
 Z - 7 potions of curing {@q1}
Miscellaneous
 r - a lightning rod (4/4) {!a}
   (You found it on level 2 of the Snake Pit)
 X - a lamp of fire
   (You found it on level 2 of the Snake Pit)
 Y - a box of beasts
Comestibles
 e - 55 rations


   Skills:
 + Level 16.9(21.9) Fighting
   Level 1.0(6.0) Staves
 - Level 1.0(6.0) Throwing
 + Level 14.0(19.0) Armour
 - Level 10.0(15.0) Dodging
 - Level 4.6(9.6) Stealth
 + Level 14.2(19.2) Shields
 + Level 18.3(23.3) Unarmed Combat
 + Level 5.1 Spellcasting
 + Level 5.9 Hexes
 - Level 9.6 Invocations
 + Level 14.7 Evocations


You had 27 spell levels left.
You knew the following spells:

 Your Spells              Type           Power        Failure   Level  Hunger
a - Confusing Touch       Hex            ###...       4%          1    None
e - Regeneration          Chrm/Necr      #.........   83%         3    ###....

Your spell library contained the following spells:

 Spells                   Type           Power        Failure   Level  Hunger
 Corona                   Hex            ###....      4%          1    None
 Slow                     Hex            ###.....     7%          2    ##.....
 Confuse                  Hex            ###.....     14%         3    ###....
 Tukima's Dance           Hex            ###.....     14%         3    ###....
 Ensorcelled Hibernation  Hex/Ice        ##....       24%         2    ##.....
 Cause Fear               Hex            ###.......   41%         4    ####...
 Dazzling Spray           Conj/Hex       ##....       43%         3    ###....
 Inner Flame              Hex/Fire       ##......     43%         3    ###....
 Portal Projectile        Hex/Tloc       ##....       43%         3    ###....
 Spectral Weapon          Hex/Chrm       ##......     43%         3    ###....
 Animate Skeleton         Necr           N/A          45%         1    None
 Apportation              Tloc           #.....       45%         1    None
 Beastly Appendage        Tmut           #.....       45%         1    None
 Freeze                   Ice            #...         45%         1    None
 Infusion                 Chrm           #...         45%         1    None
 Sting                    Conj/Pois      #...         45%         1    None
 Summon Butterflies       Summ           #.......     45%         1    None
 Summon Small Mammal      Summ           #...         45%         1    None
 Poisonous Vapours        Pois/Air       #.....       61%         2    ##.....
 Shroud of Golubria       Chrm/Tloc      #.....       61%         2    ##.....
 Song of Slaying          Chrm           #.......     61%         2    ##.....
 Sticks to Snakes         Tmut           #.......     61%         2    ##.....
 Throw Frost              Conj/Ice       #.....       61%         2    ##.....
 Call Canine Familiar     Summ           #.......     83%         3    ###....
 Mephitic Cloud           Conj/Pois/Air  #.......     83%         3    ###....
 Ozocubu's Armour         Chrm/Ice       #.......     83%         3    ###....
 Recall                   Summ/Tloc      N/A          83%         3    ###....
 Spider Form              Tmut/Pois      #.........   83%         3    ###....
 Static Discharge         Conj/Air       #.......     83%         3    ###....
 Leda's Liquefaction      Hex/Erth       ##........   83%         4    ####...
 Animate Dead             Necr           N/A          99%         4    ####...
 Ice Form                 Ice/Tmut       #.......     99%         4    ####...
 Olgreb's Toxic Radiance  Pois           #.......     99%         4    ####...
 Summon Ice Beast         Ice/Summ       #.......     99%         4    ####...
 Throw Icicle             Conj/Ice       #.......     99%         4    ####...
 Summon Mana Viper        Hex/Summ       ##......     99%         5    ######.
 Blade Hands              Tmut           #.........   100%        5    ######.
 Bolt of Magma            Conj/Fire/Erth #.........   100%        5    ######.
 Borgnjor's Vile Clutch   Necr/Erth      #.........   100%        5    ######.
 Iskenderun's Battlesphe  Conj/Chrm      #.......     100%        5    ######.
 Lightning Bolt           Conj/Air       #.........   100%        5    ######.
 Venom Bolt               Conj/Pois      #.........   100%        5    ######.
 Death Channel            Necr           #.........   100%        6    #######
 Iron Shot                Conj/Erth      #.........   100%        6    #######
 Simulacrum               Ice/Necr       #.........   100%        6    #######
 Orb of Destruction       Conj           #.........   100%        7    #######
 Spellforged Servitor     Conj/Summ      #.........   100%        7    #######
 Summon Hydra             Summ           #.........   100%        7    #######
 Ignition                 Fire           #.........   100%        8    #######
 Shatter                  Erth           #.........   100%        9    #######
 Tornado                  Air            #.........   100%        9    #######


Dungeon Overview and Level Annotations

Branches:
Dungeon (15/15)            Temple (1/1) D:7            Lair (6/6) D:9
 Shoals (4/4) Lair:3        Snake (4/4) Lair:2        Slime (5/5) Lair:6
    Orc (2/2) D:10            Elf (0/3) Orc:2        Vaults (4/5) D:13
  Crypt (0/3) Vaults:3     Depths (0/5) D:15

Altars:
Ashenzari
Cheibriados
Dithmenos
Elyvilon
Fedhas
Gozag
Hepliaklqana
Kikubaaqudgha
Makhleb
Nemelex Xobeh
Okawaru
Qazlal
Ru
Sif Muna
Trog
Uskayaw
Vehumet
Wu Jian
Xom
Yredelemnul
Zin
The Shining One
Beogh
Jiyva

Shops:
D:6 [   D:9 *   D:11 *   Orc:1 [   Orc:2 (?(%(   Shoals:3 :   Snake:2 (
Vaults:1 :   Vaults:3 ?

Portals:
Trove: Vaults:4 (show slimy rune of Zot)

Annotations:
Lair:1 exclusion: oklob plant


Innate Abilities, Weirdness & Mutations

You are partially covered in icy blue scales. (AC +2)
You have a somewhat thin skeletal structure. (Dex +2, Stealth)
You tend to lose your temper in combat.
Scrolls take you a little longer to read.
You passively map a small area around you.
You are covered in fur. (AC +1)


Message History

The death ooze barely misses you. You block the azure jelly's attack. x2
The azure jelly hits you but does no damage.
You block the azure jelly's attack. The acid blob spits acid at you.
The splash of acid hits you but does no damage.
You are splashed with acid!
You resist.
* * * LOW HITPOINT WARNING * * *
The death ooze hits you!
* * * LOW HITPOINT WARNING * * *
You feel your flesh rotting away! The death ooze misses you.
You pound the acid blob into fine dust!!!
Your hands burn!
* * * LOW HITPOINT WARNING * * *
A slime creature comes into view.
You pummel the azure jelly!! You block the death ooze's attack.
The death ooze closely misses you.
A slime creature comes into view.
You block the acid blob's attack. The azure jelly completely misses you.
You block the azure jelly's attack. The azure jelly misses you.
The azure jelly hits you but does no damage.
The acid blob hits you!!
* * * LOW HITPOINT WARNING * * *
The acid corrodes you!
You are splashed with acid.
You resist.
* * * LOW HITPOINT WARNING * * *
The azure jelly hits you but does no damage.
The azure jelly hits you.
* * * LOW HITPOINT WARNING * * *
The azure jelly freezes you!!!
* * * LOW HITPOINT WARNING * * *
The azure jelly hits you but does no damage. x2
Two slime creatures merge to form a large slime creature.
The death ooze hits you but does no damage.
You block the death ooze's attack.
Unknown command.
You are too berserk!
Unknown command.
You pummel the azure jelly!! You pummel the azure jelly!!
The death ooze misses you. You block the death ooze's attack.
The acid blob completely misses you. You block the azure jelly's attack.
The azure jelly hits you!
* * * LOW HITPOINT WARNING * * *
The azure jelly freezes you!
* * * LOW HITPOINT WARNING * * *
The azure jelly completely misses you. You block the azure jelly's attack.
A slime creature comes into view.
The acid blob spits acid at you. The splash of acid hits you. You resist.
* * * LOW HITPOINT WARNING * * *
The acid corrodes you!
You are splashed with acid!
You resist.
You die...

.......# ####..######
.......# , #)#.##|#!%# ,
.......##*, ##..##[} ,
........# , ##.#!
........### #..# , ,
..........## , #.##, , ,
...........# , #.J# ** ,
, ...........######J## *
, ............#..J@JJ##,
,
...............JJJJ.....
................J.......
, , ,
.........................
,
.........................
,
#........................
,
..................J..JG..
,
..................J..J..
, , .....................
,


You could see 3 acid blobs, 2 azure jellies, a large slime creature, 3 slime
creatures, an eye of devastation and 5 death oozes.

Vanquished Creatures
  the Royal Jelly (Slime:5)
  Bai Suzhen (Shoals:4)
  Nikola (Shoals:4)
  Jorgrun (Orc:1)
  Polyphemus (Shoals:4)
  13 acid blobs
  Agnes (D:15)
  Kirke (D:12)
  A shadow dragon (Vaults:2)
  A fire giant (Vaults:4)
  9 nagarajas
  5 azure jellies
  An orc warlord (Orc:1)
  A deep elf sorcerer (Vaults:3)
  A frost giant (Vaults:4)
  10 vault wardens
  Aizul (Snake:2)
  A ghoul (Vaults:3)
  12 ironheart preservers
  7 stone giants
  3 entropy weavers (Vaults:4)
  A deep elf demonologist (Vaults:3)
  2 deep elf annihilators (Vaults:3)
  5 dire elephants (Lair:6)
  3 ettins
  3 merfolk javelineers
  Snorg (Lair:4)
  3 death oozes
  9 yaktaur captains
  4 merfolk impalers
  5 great orbs of eyes
  Josephine (Orc:1)
  Erolcha (Orc:1)
  8 vault guards
  An ice dragon (Vaults:2)
  6 hydras
  3 rakshasas
  8 anacondas
  14 naga warriors
  2 merfolk aquamancers (Shoals:1)
  5 merfolk avatars
  Erica (Orc:1)
  A catoblepas (Shoals:4)
  16 two-headed ogres
  3 death knights
  3 alligator snapping turtles (Shoals:4)
  8 centaur warriors
  2 satyrs (Shoals:3)
  4 death yaks
  A vampire mage (Vaults:3)
  2 deep troll shamans (Vaults:4)
  2 tengu warriors (D:14)
  A deep troll earth mage (Vaults:4)
  7 ogre magi
  Sonja (Lair:1)
  9 naga sharpshooters
  8 shock serpents
  A hell knight (Vaults:2)
  6 deep elf knights
  Nergalle (Orc:1)
  3 skeletal warriors (Vaults:2)
  A shadow wraith (Vaults:4)
  A storm dragon skeleton (Vaults:4)
  5 unseen horrors
  6 wizards
  2 glowing orange brains (Vaults:4)
  10 deep trolls
  5 naga ritualists
  2 flayed ghosts
  9 sea snakes
  19 ironbrand convokers
  18 orc knights
  15 harpies
  2 necromancers
  A deep elf archer (Vaults:4)
  An orb spider (shapeshifter) (Vaults:3)
  A human zombie (Vaults:4)
  5 mana vipers
  An orc sorcerer (Orc:1)
  12 deep elf magi
  2 shining eyes (Slime:3)
  12 ugly things
  11 fauns
  48 slime creatures
  9 manticores
  10 salamanders
  6 centaur zombies
  4 wolf spiders
  6 cyclopes
  11 elephants (Lair:6)
  32 black mambas
  10 merfolk sirens
  3 ice statues (IceCv)
  A black mamba (shapeshifter) (Vaults:2)
  4 guardian serpents
  A stone giant skeleton (Vaults:4)
  6 water nymphs
  17 naga magi
  A torpor snail (Lair:4)
  8 vault sentinels
  A gargoyle (D:14)
  11 spiny frogs
  6 komodo dragons
  28 yaktaurs
  2 rime drakes
  An efreet (D:15)
  A yaktaur (shapeshifter) (Vaults:1)
  5 freezing wraiths
  A tengu conjurer (D:13)
  A human skeleton (Vaults:4)
  3 wind drakes
  A harpy zombie (D:15)
  27 merfolk
  4 hornets
  4 trolls
  A polar bear (Lair:6)
  A tengu simulacrum (Vaults:1)
  A wolf spider simulacrum (D:15)
  A stone giant simulacrum (Vaults:4)
  21 blink frogs
  11 dream sheep
  8 snapping turtles
  A fire giant simulacrum (Vaults:2)
  14 hippogriffs
  4 redbacks (Vaults:4)
  4 water elementals
  A vampire (D:10)
  An orc simulacrum (Vaults:2)
  A tarantella (Vaults:4)
  2 wyverns
  4 shadows
  A human (D:13)
  42 yaks
  5 hogs (D:12)
  6 basilisks
  4 golden eyes (Slime:3)
  8 wraiths
  2 vampire mosquitoes (D:15)
  2 soldier ants
  47 nagas
  10 water moccasins
  7 wargs
  An acid dragon (Vaults:1)
  5 porcupines
  53 orc warriors
  11 ice beasts
  A phantom (D:5)
  4 sky beasts
  2 black bears
  7 eyes of draining
  An eye of draining (shapeshifter) (Vaults:3)
  29 centaurs
  16 wolves
  19 ogres
  8 crocodiles
  6 big kobolds
  18 bullfrogs
  A wyvern zombie (D:14)
  9 scorpions
  7 killer bees
  12 wights
  3 howler monkeys
  3 bullfrog zombies
  4 crimson imps
  6 hounds
  A jelly (shapeshifter) (D:13)
  A quasit (D:9)
  8 jellies
  17 orc wizards
  9 orc priests
  6 centaur skeletons
  A bullfrog skeleton (D:11)
  5 iguanas
  Ijyb (D:4)
  9 worker ants
  2 big kobold zombies (Ossuary)
  3 hound skeletons
  9 mummies
  A worker ant zombie (D:6)
  Robin (D:3)
  4 gnolls
  9 adders
  5 shadow imps
  3 oozes (D:3)
  A dart slug (D:1)
  5 worms (D:2)
  6 leopard geckos
  101 orcs
  10 bats
  4 giant cockroaches
  A gnoll zombie (Ossuary)
  24 goblins
  10 hobgoblins
  11 jackals
  26 kobolds
  10 quokkas
  A ball python (D:1)
  A ball python skeleton (D:4)
  6 frilled lizards
  A hobgoblin zombie (Ossuary)
  A kobold zombie (Ossuary)
  3 orc zombies (Ossuary)
  2 quokka skeletons (D:6)
  8 rats
  A butterfly (D:8)
  5 plants
  2 tentacles (Shoals:3)
1423 creatures vanquished.

Vanquished Creatures (collateral kills)
  A merfolk impaler (Shoals:4)
  5 fauns (Shoals:4)
  3 manticores (Shoals:3)
  3 merfolk (Shoals:4)
  An orc (Orc:1)
13 creatures vanquished.

Vanquished Creatures (others)
  A merfolk aquamancer (Shoals:4)
  An orc knight (Vaults:2)
  A wizard (D:9)
  A manticore (Shoals:4)
  3 fauns (Shoals:4)
  A yaktaur (Vaults:4)
  A merfolk (Shoals:4)
  A wind drake (Shoals:4)
  A human (D:14)
  An ogre (D:14)
  An orc wizard (D:7)
  2 butterflies (Lair:6)
  3 fungi
  19 plants
  16 tentacles (Shoals:3)
53 creatures vanquished.

Grand Total: 1489 creatures vanquished

Notes
Turn   | Place    | Note
-------+----------+-------------------------------------------
     0 | D:1      | MatthieuS the Human Wanderer began the quest for the Orb.
     0 | D:1      | MatthieuS set off with the following items: a +0 club, a
                  | scroll of blinking, a scroll of teleportation {@r4}, a
                  | potion of curing {@q1}, a ration, a potion of heal wounds
                  | {@q2}, a +0 robe
     0 | D:1      | Reached XP level 1. HP: 18/18 MP: 1/1
   342 | D:1      | Reached XP level 2. HP: 11/24 MP: 2/2
  1292 | D:1      | Reached XP level 3. HP: 28/29 MP: 3/3
  1337 | D:1      | Reached skill level 4 in Unarmed Combat
  2658 | D:2      | Reached XP level 4. HP: 35/35 MP: 4/4
  3057 | D:2      | Found an opulent altar of Gozag.
  3287 | D:3      | Reached XP level 5. HP: 19/41 MP: 5/5
  3295 | D:3      | Reached skill level 5 in Unarmed Combat
  3530 | D:3      | Noticed an ice beast
  3717 | D:3      | Killed an ice beast
  3717 | D:3      | Reached XP level 6. HP: 48/48 MP: 6/6
  3992 | D:3      | Noticed Robin
  4342 | D:3      | Killed Robin
  4690 | D:3      | Found a faded altar of an unknown god.
  4788 | D:3      | Found a sparkling altar of Nemelex Xobeh.
  4880 | D:4      | Found Meronluz's Gadget Shoppe.
  4898 | D:4      | Reached skill level 6 in Unarmed Combat
  4908 | D:4      | Bought a wand of paralysis (2) for 44 gold pieces
  5068 | D:4      | Found a radiant altar of Vehumet.
  5308 | D:4      | Reached XP level 7. HP: 53/55 MP: 8/8
  5541 | D:4      | Noticed Ijyb
  5544 | D:4      | Gained mutation: You passively map a small area around you.
                  | [potion of mutation]
  5544 | D:4      | Gained mutation: You are partially covered in icy blue
                  | scales. (AC +2) [potion of mutation]
  5544 | D:4      | Gained mutation: You have a somewhat thin skeletal
                  | structure. (Dex +2, Stealth) [potion of mutation]
  5544 | D:4      | Gained mutation: You are covered in fur. (AC +1) [potion of
                  | mutation]
  5553 | D:4      | Killed Ijyb
  5743 | D:5      | Entered Level 5 of the Dungeon
  5751 | D:5      | Found an ancient bone altar of Kikubaaqudgha.
  5832 | D:4      | Reached skill level 7 in Unarmed Combat
  5839 | D:4      | Reached skill level 5 in Fighting
  6119 | D:5      | Reached XP level 8. HP: 53/62 MP: 10/10
  6366 | D:5      | Found a sparkling altar of Nemelex Xobeh.
  6632 | D:5      | Reached skill level 8 in Unarmed Combat
  6837 | D:6      | Found a sparkling altar of Nemelex Xobeh.
  6988 | D:6      | Reached XP level 9. HP: 41/69 MP: 12/12
  7185 | D:6      | Found Qaer's Armour Shop.
  7248 | D:6      | Found a snail-covered altar of Cheibriados.
  7602 | D:7      | Reached skill level 9 in Unarmed Combat
  7745 | D:7      | Found a burning altar of Makhleb.
  7833 | D:7      | Found a staircase to the Ecumenical Temple.
  7841 | Temple   | Entered the Ecumenical Temple
  7938 | Temple   | Became a worshipper of Warmaster Okawaru
  7973 | D:7      | Reached skill level 5 in Evocations
  8035 | D:7      | Found a sand-covered staircase.
  8044 | Ossuary  | Entered an ossuary
  8920 | D:7      | Reached * piety under Okawaru
  9295 | D:7      | Reached skill level 10 in Unarmed Combat
  9740 | D:8      | Reached XP level 10. HP: 62/79 MP: 14/14
  9793 | D:8      | Found a shimmering altar of Xom.
  9844 | D:8      | Reached skill level 1 in Armour
  9844 | D:8      | Reached skill level 1 in Dodging
  9844 | D:8      | Reached skill level 1 in Invocations
  9935 | D:8      | Learned a level 3 spell: Regeneration
 10261 | D:8      | Noticed a three-headed hydra
 10286 | D:8      | Killed a three-headed hydra
 10286 | D:8      | Reached ** piety under Okawaru
 10295 | D:8      | Reached *** piety under Okawaru
 10465 | D:9      | Found Zarut's General Store.
 10475 | D:9      | Bought a scroll of identify for 24 gold pieces
 10475 | D:9      | Bought a +2 chain mail of magic resistance for 258 gold
                  | pieces
 10475 | D:9      | Bought a potion of heal wounds for 60 gold pieces
 10475 | D:9      | Bought a potion of heal wounds for 60 gold pieces
 10539 | D:9      | Found a staircase to the Lair.
 10605 | D:9      | Noticed a cyclops
 10617 | D:9      | Killed a cyclops
 10617 | D:9      | Reached **** piety under Okawaru
 10660 | D:9      | Reached skill level 11 in Unarmed Combat
 10660 | D:9      | Reached XP level 11. HP: 84/86 MP: 15/15
 10819 | D:9      | Found a bloodstained altar of Trog.
 10820 | D:9      | Noticed a wizard
 10825 | D:9      | Killed a wizard
 11227 | D:10     | Entered Level 10 of the Dungeon
 11302 | Lair:1   | Entered Level 1 of the Lair of Beasts
 11463 | Lair:1   | Noticed Sonja
 11487 | Lair:1   | Noticed an oklob plant
 11786 | Lair:1   | Killed Sonja
 11803 | Lair:1   | You fall into a shaft and drop 1 floor!
 11919 | Lair:1   | Reached ***** piety under Okawaru
 12215 | Lair:2   | Received a gift from Okawaru
 12252 | Lair:2   | Found a staircase to the Snake Pit.
 12967 | Lair:3   | Reached skill level 5 in Invocations
 12996 | Lair:3   | Noticed a merfolk siren
 13000 | Lair:3   | Noticed a merfolk siren
 13005 | Lair:3   | Found a staircase to the Shoals.
 13009 | Lair:3   | Killed a merfolk siren
 13021 | Lair:3   | Reached XP level 12. HP: 71/94 MP: 17/17
 13027 | Lair:3   | Reached skill level 12 in Unarmed Combat
 13411 | Lair:3   | Reached skill level 5 in Armour
 13417 | Lair:3   | Reached skill level 5 in Dodging
 13521 | Lair:3   | Got a smoking lead ring
 13523 | Lair:3   | Identified the ring of the Hare {Fire *Corrode Str+3 Int-4
                  | Dex+3} (You found it on level 3 of the Lair of Beasts)
 14182 | Lair:4   | Found a glowing golden altar of the Shining One.
 14203 | Lair:4   | Noticed Snorg
 14229 | Lair:4   | Killed Snorg
 14392 | Lair:4   | Received a gift from Okawaru
 14395 | Lair:4   | Got a polished demon trident {god gift}
 14396 | Lair:4   | Identified the +5 demon trident of Excruciating Pain
                  | {venom, rElec Dex+2} (Okawaru gifted it to you on level 4
                  | of the Lair of Beasts)
 15162 | Lair:4   | Received a gift from Okawaru
 15162 | Lair:4   | Reached XP level 13. HP: 61/101 MP: 19/19
 15831 | Lair:5   | Reached skill level 13 in Unarmed Combat
 16388 | Lair:6   | Entered Level 6 of the Lair of Beasts
 16570 | Lair:6   | Reached skill level 10 in Fighting
 16575 | Lair:6   | Reached ****** piety under Okawaru
 16653 | Lair:6   | Noticed a six-headed hydra
 16659 | Lair:6   | Killed a six-headed hydra
 17065 | Lair:6   | Noticed a five-headed hydra
 17075 | Lair:6   | Killed a five-headed hydra
 17169 | Lair:6   | Received a gift from Okawaru
 17169 | Lair:6   | Reached XP level 14. HP: 102/110 MP: 19/21
 17180 | Lair:6   | Found a staircase to the Slime Pits.
 17818 | Lair:6   | Noticed a dire elephant
 17818 | Lair:6   | Noticed a dire elephant
 17826 | Lair:6   | Noticed a dire elephant
 17833 | Lair:6   | Killed a dire elephant
 17845 | Lair:6   | Killed a dire elephant
 17845 | Lair:6   | Reached skill level 14 in Unarmed Combat
 17863 | Lair:6   | Killed a dire elephant
 17926 | Lair:6   | Noticed a dire elephant
 17940 | Lair:6   | Killed a dire elephant
 18128 | Lair:6   | Noticed a dire elephant
 18141 | Lair:6   | Killed a dire elephant
 18489 | D:10     | Found a staircase to the Orcish Mines.
 18692 | D:10     | Found a roughly hewn altar of Beogh.
 19265 | D:11     | Received a gift from Okawaru
 19328 | D:11     | Found Likhesuh's General Store.
 19681 | D:12     | Reached skill level 10 in Evocations
 19690 | D:12     | Paralysed by a hornet for 1 turns
 19726 | D:12     | HP: 4/111 [eight-headed hydra (10)]
 19786 | D:12     | Found a frozen archway.
 19795 | IceCv    | Entered an ice cave
 20232 | IceCv    | Got a faintly glowing great sword
 20237 | IceCv    | Got fine ice dragon scales
 20277 | D:12     | Reached XP level 15. HP: 118/118 MP: 19/22
 20369 | D:12     | Noticed Kirke
 20373 | D:12     | Noticed a sphinx
 20392 | D:12     | Killed Kirke
 20475 | D:12     | Received a gift from Okawaru
 21236 | D:13     | Reached skill level 15 in Unarmed Combat
 21305 | D:13     | Found a gate to the Vaults.
 21850 | Orc:1    | Entered Level 1 of the Orcish Mines
 21852 | Orc:1    | Noticed Erolcha
 21859 | Orc:1    | Killed Erolcha
 21859 | Orc:1    | Reached skill level 1 in Shields
 21867 | Orc:1    | Noticed Erica
 21886 | Orc:1    | Killed Erica
 21886 | Orc:1    | Received a gift from Okawaru
 21898 | Orc:1    | Noticed Nergalle
 21905 | Orc:1    | Killed Nergalle
 22096 | Orc:1    | Found Imetsir's Armour Boutique.
 22150 | Orc:2    | Entered Level 2 of the Orcish Mines
 22253 | Orc:2    | Found a staircase to the Elven Halls.
 22533 | Orc:2    | Found Caacw's Food Emporium.
 22533 | Orc:2    | Found Vomot's Antique Weapon Shop.
 22643 | Orc:2    | Found a roughly hewn altar of Beogh.
 22758 | Orc:2    | Found Qemaum's Magic Scroll Emporium.
 22758 | Orc:2    | Found Reasch's Weapon Shop.
 23031 | Orc:2    | Bought a scroll of teleportation for 48 gold pieces
 23031 | Orc:2    | Bought a scroll of identify for 32 gold pieces
 23031 | Orc:2    | Bought a scroll of identify for 32 gold pieces
 23031 | Orc:2    | Bought a scroll of identify for 32 gold pieces
 23031 | Orc:2    | Bought a scroll of identify for 32 gold pieces
 23031 | Orc:2    | Bought a scroll of identify for 32 gold pieces
 23051 | Orc:2    | Identified the +2 ice dragon scales of Seuzeoq {rF- rC++
                  | MP+9 Dex+3 Stlth+} (You found it in an ice cave)
 23087 | Orc:2    | Found Ebokaw's Antique Weapon Emporium.
 23548 | Orc:1    | Noticed an orc warlord
 23553 | Orc:1    | Noticed Josephine
 23708 | Orc:1    | Killed Josephine
 23877 | Orc:1    | Killed an orc warlord
 24048 | Orc:1    | Found a bloodstained altar of Trog.
 24064 | Orc:1    | Noticed Jorgrun
 24075 | Orc:1    | Killed Jorgrun
 24324 | D:14     | Reached XP level 16. HP: 110/127 MP: 22/24
 24427 | D:14     | Received a gift from Okawaru
 24449 | D:14     | Got a pair of steaming gloves {god gift}
 24463 | D:14     | Identified the +0 pair of gloves of Amorality {SInv}
                  | (Okawaru gifted it to you on level 14 of the Dungeon)
 24728 | D:14     | You fall into a shaft and drop 1 floor!
 24728 | D:15     | Entered Level 15 of the Dungeon
 24758 | D:15     | Found a staircase to the Depths.
 24918 | D:15     | Found a bloodstained altar of Trog.
 25343 | D:15     | Noticed Agnes
 25353 | D:15     | Killed Agnes
 25353 | D:15     | Reached skill level 5 in Shields
 25702 | Snake:1  | Entered Level 1 of the Snake Pit
 25784 | Snake:1  | Reached skill level 10 in Dodging
 26040 | Snake:1  | Reached skill level 10 in Armour
 26109 | Snake:1  | Reached skill level 16 in Unarmed Combat
 26302 | Snake:1  | Received a gift from Okawaru
 26750 | Snake:1  | Identified a scroll of acquirement
 26762 | Snake:1  | Got a shimmering buckler
 26773 | Snake:1  | Identified the +0 buckler of Esimiow {MR+} (You acquired it
                  | on level 1 of the Snake Pit)
 26981 | Snake:2  | Found Jubruschesk's Antique Weapon Emporium.
 26987 | Snake:2  | Bought a slimy arbalest for 389 gold pieces
 26988 | Snake:2  | Identified the +5 arbalest of Ash {flame, rC+} (You bought
                  | it in a shop on level 2 of the Snake Pit)
 27356 | D:4      | Bought a wand of polymorph (9) for 121 gold pieces
 27356 | D:4      | Bought a wand of acid (9) for 286 gold pieces
 27356 | D:4      | Bought a box of beasts for 220 gold pieces
 27356 | D:4      | Bought a wand of enslavement (10) for 132 gold pieces
 27356 | D:4      | Bought a wand of iceblast (9) for 143 gold pieces
 27356 | D:4      | Bought a wand of clouds (7) for 363 gold pieces
 27356 | D:4      | Bought a wand of random effects (10) for 66 gold pieces
 27574 | Snake:2  | Noticed Aizul
 27589 | Snake:2  | Killed Aizul
 27589 | Snake:2  | Reached XP level 17. HP: 67/135 MP: 23/25
 28479 | Snake:3  | Found a basalt altar of Yredelemnul.
 28480 | Snake:3  | Got a polished plate armour
 28496 | Snake:3  | Identified the +3 plate armour of Hepliaklqana's Outrage
                  | {Str+3 Int+3} (You found it on level 3 of the Snake Pit)
 29230 | Snake:4  | Entered Level 4 of the Snake Pit
 29794 | Snake:4  | Received a gift from Okawaru
 30079 | Snake:4  | Got a translucent shield {god gift}
 30097 | Snake:4  | Identified the +4 shield of Decompression {rPois MR+}
                  | (Okawaru gifted it to you on level 4 of the Snake Pit)
 30546 | Snake:4  | Found a glowing golden altar of the Shining One.
 30948 | Snake:4  | Reached XP level 18. HP: 129/145 MP: 27/27
 31198 | Snake:4  | Received a gift from Okawaru
 31368 | Snake:4  | Got a serpentine rune of Zot
 31575 | Shoals:1 | Entered Level 1 of the Shoals
 32364 | Shoals:2 | Found Ynwaz's Island Escapes.
 32410 | Shoals:2 | Reached skill level 10 in Shields
 33455 | Shoals:2 | Bought a scroll of blinking for 127 gold pieces
 33455 | Shoals:2 | Bought a scroll of blinking for 127 gold pieces
 33455 | Shoals:2 | Bought a scroll of fog for 34 gold pieces
 33455 | Shoals:2 | Bought 2 potions of invisibility for 272 gold pieces
 33455 | Shoals:2 | Bought a scroll of teleportation for 51 gold pieces
 33455 | Shoals:2 | Bought a scroll of blinking for 127 gold pieces
 33455 | Shoals:2 | Bought a scroll of teleportation for 51 gold pieces
 33457 | Shoals:3 | Found Naoll's Book Emporium.
 33601 | Shoals:3 | Identified the cursed +0 helmet of Disappointment {rC+}
                  | (You found it on level 3 of the Shoals)
 33658 | Shoals:3 | Noticed a kraken
 33879 | Shoals:3 | Received a gift from Okawaru
 34138 | Shoals:3 | Reached XP level 19. HP: 111/154 MP: 25/28
 34593 | Shoals:4 | Entered Level 4 of the Shoals
 34644 | Shoals:4 | Reached skill level 15 in Fighting
 34719 | Shoals:4 | Noticed Bai Suzhen
 34747 | Shoals:4 | Killed Bai Suzhen
 34757 | Shoals:4 | Noticed Nikola
 34944 | Shoals:4 | Reached skill level 17 in Unarmed Combat
 34977 | Shoals:4 | Noticed Polyphemus
 34995 | Shoals:4 | Killed Polyphemus
 35022 | Shoals:4 | Killed Nikola
 35129 | Shoals:4 | Identified the +7 chain mail of the Arcane {Dex+4}
 35182 | Shoals:4 | Received a gift from Okawaru
 35260 | Shoals:4 | Got a barnacled rune of Zot
 35794 | D:9      | Learned a level 1 spell: Confusing Touch
 35875 | Vaults:1 | Entered Level 1 of the Vaults
 36024 | Vaults:1 | Got a brightly glowing leather armour
 36719 | Vaults:1 | Found Nitotz's Book Shoppe.
 37223 | Vaults:2 | Received a gift from Okawaru
 37645 | Vaults:2 | Received a gift from Okawaru
 37705 | Vaults:2 | Reached XP level 20. HP: 96/164 MP: 29/29
 37804 | Vaults:2 | Found an iron altar of Okawaru.
 38220 | Vaults:2 | Received a gift from Okawaru
 38689 | Vaults:2 | Received a gift from Okawaru
 38726 | Vaults:2 | Identified the +0 robe of Indecent Exposure {rC- MR+ Int+4
                  | Slay+2} (Okawaru gifted it to you on level 2 of the Vaults)
 39003 | Vaults:3 | Noticed a Tzitzimitl
 39006 | Vaults:3 | Noticed an Ice Fiend
 39839 | Vaults:3 | Found Kochar's Magic Scroll Shop.
 39846 | Vaults:3 | Bought a scroll of acquirement for 780 gold pieces
 39847 | Vaults:3 | Identified the ring of Midwinter {+Inv rElec rC+ MR- Int+4}
                  | (You acquired it on level 3 of the Vaults)
 39850 | Vaults:3 | Identified the ring "Anothets" {rC+ Dex+2 SInv} (You
                  | acquired it on level 3 of the Vaults)
 40000 | Vaults:3 | Reached skill level 1 in Hexes
 40000 | Vaults:3 | Reached XP level 21. HP: 171/171 MP: 28/31
 40043 | Vaults:3 | Reached skill level 1 in Spellcasting
 40189 | Vaults:3 | Found a staircase to the Crypt.
 40635 | Vaults:4 | Found a portal to a secret trove of treasure.
 40799 | Vaults:4 | Received a gift from Okawaru
 40812 | Vaults:4 | Got a fine chain mail {god gift}
 40832 | Vaults:4 | Identified the +6 chain mail "Loss" {rPois Str+5 Int-3}
                  | (Okawaru gifted it to you on level 4 of the Vaults)
 42001 | Vaults:4 | Received a gift from Okawaru
 42022 | Vaults:4 | Reached skill level 18 in Unarmed Combat
 43038 | Slime:1  | Entered Level 1 of the Pits of Slime
 43061 | Slime:1  | Reached XP level 22. HP: 127/179 MP: 30/32
 43397 | Slime:3  | Received a gift from Okawaru
 43403 | Slime:3  | Gained mutation: Scrolls take you a little longer to read.
                  | [a shining eye]
 43406 | Slime:3  | Gained mutation: You tend to lose your temper in combat. [a
                  | shining eye]
 43408 | Slime:3  | Reached skill level 5 in Hexes
 43533 | Slime:4  | Received a gift from Okawaru
 43874 | Slime:5  | Entered Level 5 of the Pits of Slime
 44185 | Slime:5  | Found a viscous altar of Jiyva.
 44186 | Slime:5  | Noticed the Royal Jelly
 44237 | Slime:5  | Killed the Royal Jelly
 44237 | Slime:5  | Received a gift from Okawaru
 44237 | Slime:5  | Reached skill level 5 in Spellcasting
 44254 | Slime:5  | HP: 9/267 [azure jelly[the Royal Jelly] (17)]
 44254 | Slime:5  | Splashed by an acid blob's acid

Levels and vault maps discovered:
D:1:      evilmike_arrival_plus, layout_basic, hangedman_glass_teeth
D:2:      layout_basic, lemuel_coloured_pillars_altar, first_ration
D:3:      minmay_chambers_of_threes, layout_basic,
          chequers_ecumenical_altar_lobes, minmay_misc_feat_hallway,
          nemelex_dance_club_becter, uniq_robin
D:4:      kennysheep_goblin_castle, layout_loops_ring, vehumet_crystals,
          serial_shops, nicolae_shop_statue_plus
D:5:      layout_rooms, kiku_gazebo_garden_becter, nemelex_lonely_heart_becter
D:6:      layout_loops_ring, nemelex_xobeh_ov_fountains_minmay, basic_altar,
          serial_shops, shop
D:7:      layout_gridville, lightli_temple_of_fire, minmay_temple_entry_trees,
          gup_ossuary_entry_pyramid
D:8:      layout_loops_ring, xom_butterflies, hangedman_ranch
          [blue_anna_fruit_fields], minmay_manual_mess
D:9:      layout_irregular_city, dpeg_oklobed_lair, serial_shops, shop,
          trog_wizard
D:10:     layout_roguey, minmay_orc_entry_temple_small
D:11:     layout_cave_pools, serial_shops, shop
D:12:     layout_cross, portal_ice_cave_entry_pillars_1, uniq_kirke
D:13:     layout_basic, grunt_vaults_entry_fortified
D:14:     layout_loops_ring, kennysheep_donut
D:15:     grunt_enter_depths_magical_seal, layout_loops_cross,
          amethyst_killhole, lemuel_statue_altar, uniq_agnes
Temple:   eino_temple_rhombus
Lair:1:   layout_cave_shapes, grunt_megastairs_5, infiniplex_staircase_pool_2,
          serial_bayou_shore_b, minmay_lair_oklob_chamber, uniq_sonja
Lair:2:   layout_cave_shapes, minmay_snake_entry_guardpost_large,
          chequers_serial_rivers_large_a, serial_bayou_shore_a
Lair:3:   layout_cave_pods, elwin_shoals_entry_stream, st_stairs_5,
          cheibrodos_lair_caveside_slide, bh_chokoban
Lair:4:   layout_cave_pods, basic_altar, chequers_serial_rivers_small_a,
          uniq_snorg
Lair:5:   layout_gridlike, beast_lair_carwin_11, infiniplex_staircase_pool
Lair:6:   due_jungle_book, layout_misc_corridors,
          nicolae_slime_entry_slimehenge, minivault_23, lemuel_fruit_fields,
          lemuel_fruit_tree
Shoals:1: layout_shoals, ldierk_geyser
Shoals:2: layout_shoals, nicolae_island_escapes
Shoals:3: cheibrodos_shoals_roost, layout_shoals, serial_shops,
          nicolae_shop_crystal
Shoals:4: shoals_end_grunt_garden, layout_shoals, nicolae_shoals_wave_tunnel,
          uniq_bai_suzhen, uniq_nikola, uniq_polyphemus
Snake:1:  hangedman_cross_stitches, layout_rooms
Snake:2:  layout_gridlike, serial_shops, nicolae_shop_overgrown_old_shop,
          uniq_aizul
Snake:3:  layout_onion, basic_altar, st_stairs_6
Snake:4:  minmay_snake_end_coiled, layout_concentric_octagons, basic_altar,
          serial_bayou_pond_a, grunt_ministairs_4
Slime:1:  layout_caves
Slime:2:  layout_caves
Slime:3:  layout_caves
Slime:4:  layout_caves, cheibrodos_slime_lost_civilization_7
Slime:5
Orc:1:    layout_caves, serial_shops, nicolae_shop_behind_doors,
          trog_butcher_becter, uniq_josephine, uniq_erolcha, uniq_erica,
          uniq_nergalle, uniq_jorgrun
Orc:2:    st_orc_town, layout_diamond_mine, serial_shops, shop,
          minmay_orc_barracks
Vaults:1: v_misc_23, ontoclasm_vaults_fault, ontoclasm_vaults_idyll,
          grunt_vaults_focal, vaults_room_pools, v_misc_30,
          hangedman_vaults_maws, nicolae_vaults_little_squares_4,
          nicolae_vaults_murderbox, nicolae_vaults_gold_heap,
          layout_vaults_omnigrid, serial_shops, shop
Vaults:2: nicolae_vaults_stairing_the_circle, nicolae_vaults_triangles,
          grunt_vaults_hallway_long, v_misc_5, nicolae_vaults_alarming,
          hangedman_vaults_cutoff, st_more_cells, nicolae_vaults_ninety_degrees,
          vaults_dpeg_encased_lava, ontoclasm_vaults_twist, vaults_room_pools,
          vaults_dpeg_doors, v_misc_19, nicolae_vaults_specimen_jars,
          layout_vaults_omnibox, basic_altar
Vaults:3: v_misc_1, nicolae_vaults_network_s, nicolae_vaults_quartermaster,
          hangedman_vaults_stagger, nicolae_vaults_theta, vaults_room_hallway,
          nicolae_vaults_circle_grid_b, v_misc_11, v_misc_19,
          nicolae_vaults_circle_grid_a, hangedman_vaults_stretched_pinwheel,
          minmay_crypt_entry_simple_statues, vaults_dpeg_diagonal,
          vaults_room_pools, vaults_room_hallway, vaults_standard_mumra_lines,
          layout_vaults_ring, serial_shops, shop_scrolls
Vaults:4: nicolae_vaults_shelves_hall, v_alt_pattern_3,
          nicolae_vaults_little_squares_2, nicolae_vaults_network_barrier,
          ontoclasm_vaults_bender, nicolae_vaults_network_square,
          nicolae_vaults_what_the_h, v_pattern_5, nicolae_vaults_big_ls,
          vaults_room_grunt_arrival_ludios, layout_vaults_big_room,
          enter_trove_6

Skill      XL: |  1  2  3  4  5  6  7  8  9 10 11 12 13 14 15 16 17 18 19 20 21 22 |
---------------+-------------------------------------------------------------------+-----
Unarmed Combat | 4 5 6 7 8 10 11 12 13 14 15 16 17 18 | 18.3
Fighting       | 4 5 6 7 8 9 10 11 12 13 14 15 16 | 16.9
Evocations     | 2 4 5 6 7 8 9 10 11 12 13 14 | 14.7
Armour         | 3 4 6 7 8 9 10 11 12 13 14 | 14.0
Dodging        | 3 4 6 7 8 9 10 | 10.0
Invocations    | 3 5 6 7 8 9 |  9.6
Shields        | 3 6 8 10 12 13 14 | 14.2
Stealth        | 4 |  4.6
Hexes          | 1 4 5 |  5.9
Spellcasting   | 3 5 |  5.1
Staves         | |  1.0
Throwing       | |  1.0

Action                   |  1- 3 |  4- 6 |  7- 9 | 10-12 | 13-15 | 16-18 | 19-21 | 22-24 || total
-------------------------+-------+-------+-------+-------+-------+-------+-------+-------++-------
Melee: Unarmed           |   168 |   221 |   502 |   512 |  1240 |  1395 |  1580 |   259 ||  5877
       Punch             |     3 |     5 |    14 |    25 |    55 |       |       |       ||   102
       Demon trident     |       |       |       |       |       |    93 |       |       ||    93
Throw: Dart              |    12 |    58 |    46 |    19 |     6 |       |       |       ||   141
       Throwing net      |       |       |       |       |       |       |       |     2 ||     2
 Cast: Confusing Touch   |       |       |       |       |       |       |     1 |     3 ||     4
Invok: Heroism           |       |       |       |     4 |    34 |    38 |    35 |     8 ||   119
       Finesse           |       |       |       |       |     9 |     6 |    12 |     4 ||    31
 Abil: Evoke Flight      |       |       |       |       |       |     1 |       |       ||     1
Evoke: Wand              |       |       |     2 |    11 |    46 |    26 |    12 |     3 ||   100
       Phantom mirror    |       |       |       |       |     1 |       |       |       ||     1
       Lightning rod     |       |       |       |       |       |     4 |       |       ||     4
       Box of beasts     |       |       |       |       |       |       |     3 |       ||     3
       Lamp of fire      |       |       |       |       |       |       |     2 |       ||     2
  Use: Scroll            |       |     9 |     1 |     7 |    20 |    15 |    12 |       ||    64
       Potion            |       |     1 |     7 |     4 |     3 |    11 |    11 |     1 ||    38
 Stab: Sleeping          |     1 |       |       |       |       |       |       |       ||     1
       Paralysed         |       |       |     4 |     3 |       |       |       |       ||     7
       Confused          |       |       |       |       |     1 |       |     1 |     1 ||     3
       Distracted        |       |       |       |       |       |       |     2 |       ||     2
  Eat: Chunk             |     5 |     6 |    10 |     8 |    20 |     9 |    27 |       ||    85
       Ration            |       |     1 |     2 |     2 |     3 |     7 |     1 |     2 ||    18
Armor: Robe              |     9 |       |       |       |       |       |       |       ||     9
       Scale mail        |    36 |   119 |   293 |    25 |       |     1 |       |       ||   474
       Skin              |       |    19 |       |    17 |       |       |       |       ||    36
       Chain mail        |       |       |       |   276 |   720 |   199 |    86 |   104 ||  1385
       Plate armour      |       |       |       |       |       |   313 |   293 |       ||   606
Dodge: Dodged            |    83 |   135 |   262 |   258 |   703 |   454 |   408 |    82 ||  2385
       Deflected         |       |       |       |       |     1 |    78 |    45 |     7 ||   131
Block: Buckler           |       |       |       |       |    83 |    48 |       |       ||   131
       Large shield      |       |       |       |       |       |   407 |       |       ||   407
       Shield            |       |       |       |       |       |   632 |  1105 |   169 ||  1906

Table legend:
 A = Non-vault XP
 B = Vault XP
 C = Vault XP percentage of total XP
 D = Non-vault monster count
 E = Vault monster count
 F = Vault count percentage of total count
                 A         B        C        D         E       F
            +---------+---------+-------+---------+---------+-------
      Total |  345011 |  225132 |  39.5 |     966 |     464 |  32.4
            +---------+---------+-------+---------+---------+-------
        D:1 |      44 |       0 |   0.0 |      26 |       0 |   0.0
        D:2 |      52 |       2 |   3.7 |      16 |       1 |   5.9
        D:3 |      45 |     223 |  83.2 |      22 |      25 |  53.2
        D:4 |     446 |      57 |  11.3 |      16 |      12 |  42.9
        D:5 |     786 |       0 |   0.0 |      20 |       0 |   0.0
        D:6 |     570 |       0 |   0.0 |      19 |       0 |   0.0
        D:7 |    1315 |      18 |   1.4 |      32 |       1 |   3.0
        D:8 |     525 |    2421 |  82.2 |      10 |      12 |  54.5
        D:9 |    1516 |       0 |   0.0 |      23 |       0 |   0.0
       D:10 |    3004 |     372 |  11.0 |      31 |       9 |  22.5
       D:11 |    5242 |       0 |   0.0 |      36 |       0 |   0.0
       D:12 |    7192 |    3072 |  29.9 |      41 |       6 |  12.8
       D:13 |     597 |    6321 |  91.4 |       8 |      10 |  55.6
       D:14 |    6944 |       0 |   0.0 |      24 |       0 |   0.0
       D:15 |    9157 |    6910 |  43.0 |      27 |      10 |  27.0
     Lair:1 |    2299 |    1155 |  33.4 |       8 |       4 |  33.3
     Lair:2 |    1230 |     793 |  39.2 |       7 |       5 |  41.7
     Lair:3 |    2842 |    1797 |  38.7 |      13 |       6 |  31.6
     Lair:4 |    7704 |    1106 |  12.6 |      30 |       1 |   3.2
     Lair:5 |    3380 |    1317 |  28.0 |      23 |       3 |  11.5
     Lair:6 |   21682 |    3033 |  12.3 |      58 |       9 |  13.4
   Shoals:1 |   12823 |       0 |   0.0 |      27 |       0 |   0.0
   Shoals:2 |   15069 |       0 |   0.0 |      31 |       0 |   0.0
   Shoals:3 |   18416 |    2371 |  11.4 |      36 |       6 |  14.3
   Shoals:4 |    4463 |   25279 |  85.0 |       7 |      41 |  85.4
    Snake:1 |   13129 |    5904 |  31.0 |      23 |      12 |  34.3
    Snake:2 |    4984 |    1625 |  24.6 |       9 |       1 |  10.0
    Snake:3 |   18728 |     472 |   2.5 |      32 |       1 |   3.0
    Snake:4 |   21764 |   27336 |  55.7 |      38 |      45 |  54.2
    Slime:1 |    6124 |       0 |   0.0 |      10 |       0 |   0.0
    Slime:3 |   27534 |       0 |   0.0 |      45 |       0 |   0.0
    Slime:4 |   11515 |    2362 |  17.0 |      13 |       1 |   7.1
    Slime:5 |    5066 |   18034 |  78.1 |       3 |       4 |  57.1
      Orc:1 |    3884 |    7303 |  65.3 |      22 |      11 |  33.3
      Orc:2 |     650 |   10095 |  94.0 |      15 |      78 |  83.9
   Vaults:1 |    6847 |    4948 |  41.9 |      12 |       7 |  36.8
   Vaults:2 |   25304 |   26793 |  51.4 |      46 |      30 |  39.5
   Vaults:3 |   27425 |   25978 |  48.6 |      39 |      32 |  45.1
   Vaults:4 |   44714 |   34622 |  43.6 |      68 |      54 |  44.3
    Ossuary |       0 |     204 | 100.0 |       0 |      16 | 100.0
      IceCv |       0 |    3209 | 100.0 |       0 |      11 | 100.0
            +---------+---------+-------+---------+---------+-------
